 Dungeon Crawl Stone Soup version 0.22.1-1-ga44c0e5 (webtiles) character file.

17986 HoaS the Grappler (level 12, -19/120 HPs)
             Began as a Gargoyle Berserker on Oct 7, 2018.
             Was a High Priest of Trog.
             Demolished by an alligator simulacrum (25 damage)
             ... in an ice cave.
             The game lasted 00:34:09 (11722 turns).

HoaS the Grappler (Gargoyle Berserker)             Turns: 11722, Time: 00:34:09

Health: -19/120    AC: 26    Str: 32    XL:     12   Next: 53%
Magic:  12/12      EV:  9    Int:  9    God:    Trog [*****.]
Gold:   703        SH:  0    Dex:  9    Spells: 11/11 levels left

rFire    . . .     SeeInvis .     - Unarmed
rCold    . . .     Gourm    .   (no shield)
rNeg     + . .     Faith    .   u - +0 plate armour (curse)
rPois    ∞         Spirit   .   i - +1 helmet
rElec    +         Reflect  .   (no cloak)
rCorr    .         Harm     .   (no gloves)
MR       +....                  (no boots)
Stlth    ..........             e - amulet of the acrobat
HPRegen  0.30/turn              s - +2 ring of strength
MPRegen  0.13/turn              l - ring of protection from magic

@: berserking, very quick
A: negative energy resistance 1, electricity resistance, unbreathing,
petrification resistance, rot immunity, AC +8
a: Berserk, Trog's Hand, Brothers in Arms, Renounce Religion


You were in an ice cave.
You worshipped Trog.
Trog was extremely pleased with you.
You were hungry.

You visited 1 branch of the dungeon, and saw 11 of its levels.
You also visited: Ossuary and Ice Cave.

You collected 703 gold pieces.

Inventory:

Armour
 i - a +1 helmet (worn)
 u - a cursed +0 plate armour (worn)
Jewellery
 e - an amulet of the acrobat (around neck)
 l - a ring of protection from magic (right hand)
 o - an uncursed ring of protection from cold
 s - a +2 ring of strength (left hand)
Wands
 r - a wand of paralysis (11)
 v - a wand of polymorph (15)
Scrolls
 c - 5 scrolls of remove curse
 d - 4 scrolls of fog
 k - a scroll of identify
 n - a scroll of fear
 w - 2 scrolls of teleportation
 y - a scroll of enchant armour
Potions
 a - 7 potions of curing
 f - 2 potions of heal wounds
 g - a potion of lignification {unknown}
 h - a potion of might
 j - 2 potions of ambrosia {unknown}
 m - a potion of magic {unknown}
 p - 3 potions of cancellation
 q - a potion of agility {unknown}
 t - 4 potions of mutation
 x - a potion of degeneration {unknown}
Comestibles
 b - 16 rations
 z - 8 chunks of flesh


   Skills:
 + Level 11.5 Fighting
 + Level 11.2 Armour
 - Level 1.5 Dodging
 * Level 14.1 Unarmed Combat


You had 11 spell levels left.
You didn't know any spells.
Your spell library was empty.

Dungeon Overview and Level Annotations

Branches:
Dungeon (11/15)            Temple (0/1) D:6            Lair (0/6) D:9
    Orc: D:9-12

Altars:
Dithmenos
Elyvilon
Gozag
Hepliaklqana
Makhleb
Okawaru
Qazlal
Vehumet
The Shining One

Annotations:
D:9 2 runed doors
D:11 3 runed doors


Innate Abilities, Weirdness & Mutations

You are resistant to torment.
Your stone body is resilient. (AC +8)
You are immune to poison.
You resist negative energy. (rN+)
You are resistant to electric shocks. (rElec)
You can survive without breathing.
You are immune to petrification.
You are immune to rotting.


Message History

* * * LOW HITPOINT WARNING * * *
The alligator simulacrum tail-slaps you but does no damage.
A red film seems to cover your vision as you go berserk!
You feel yourself moving faster!
You feel mighty!
You are feeling hungry.
The alligator simulacrum bites you but does no damage.
The alligator simulacrum closely misses you.
The alligator simulacrum bites you!
* * * LOW HITPOINT WARNING * * *
The alligator simulacrum freezes you!
* * * LOW HITPOINT WARNING * * *
The alligator simulacrum tail-slaps you but does no damage.
The elephant simulacrum tramples you but does no damage.
The elephant simulacrum barely misses you.
You barely miss the alligator simulacrum.
The alligator simulacrum is almost destroyed.
The alligator simulacrum bites you.
* * * LOW HITPOINT WARNING * * *
The alligator simulacrum freezes you!!
You die...

#####
##...##
##..∩..##
#.......#
#...@...#
##.ZZZ.##
##...##
#...#
...##
#...#
##...
##..


You could see 2 alligator simulacra and an elephant simulacrum.

Vanquished Creatures
  Erolcha (D:9)
  4 two-headed ogres
  Sonja (D:11)
  Nergalle (D:11)
  2 unseen horrors
  A cyclops (D:11)
  2 gargoyles
  2 ice devils (D:11)
  A hornet (D:8)
  4 polar bears (D:11)
  4 trolls
  Grinder (D:5)
  4 hippogriffs
  Sigmund (D:2)
  8 yaks
  A wyvern (D:8)
  Grum (D:10)
  2 basilisks (D:9)
  2 soldier ants (D:8)
  Duvessa (D:6)
  3 ice beasts
  3 orc warriors
  A sky beast (D:5)
  A meliai simulacrum (D:11)
  2 phantoms
  7 wolves
  A necrophage (D:5)
  6 centaurs
  An ogre (D:10)
  3 crocodiles
  An elf zombie (Ossuary)
  3 big kobolds
  4 bullfrogs
  2 gnoll sergeants
  Dowan (D:6)
  2 scorpions
  25 killer bees
  4 wights (D:10)
  3 electric eels (D:11)
  6 crimson imps
  3 bullfrog zombies
  3 bullfrog skeletons
  A centaur zombie (Ossuary)
  4 hounds
  6 orc wizards
  A gnoll shaman (D:10)
  6 orc priests
  4 jellies
  A centaur skeleton (D:6)
  2 iguanas
  5 worker ants
  A wolf simulacrum (IceCv)
  3 big kobold zombies (Ossuary)
  A bullfrog simulacrum (D:11)
  2 hound zombies
  2 mummies (Ossuary)
  A howler monkey zombie (D:8)
  Robin (D:1)
  10 gnolls
  A howler monkey skeleton (D:9)
  10 adders
  2 shadow imps
  3 white imps (D:11)
  2 worker ant simulacra (D:11)
  An ooze (D:2)
  An adder skeleton (D:4)
  An adder zombie (D:9)
  2 worms
  A dart slug (D:2)
  4 leopard geckos
  32 orcs
  6 bats
  4 giant cockroaches
  12 hobgoblins
  10 jackals
  25 kobolds
  3 quokkas
  5 ball pythons
  3 frilled lizards
  5 gnoll zombies (Ossuary)
  9 goblins
  3 goblin zombies (Ossuary)
  A jackal skeleton (D:5)
  A leopard gecko skeleton (D:5)
  An orc zombie (Ossuary)
  9 rats
337 creatures vanquished.

Notes
Turn   | Place    | Note
-------+----------+-------------------------------------------
     0 | D:1      | HoaS the Gargoyle Berserker began the quest for the Orb.
     0 | D:1      | Reached XP level 1. HP: 14/14 MP: 1/1
   126 | D:1      | Reached XP level 2. HP: 17/19 MP: 2/2
   323 | D:1      | Reached XP level 3. HP: 11/23 MP: 3/3
   807 | D:2      | Noticed Robin
   832 | D:1      | Killed Robin
   841 | D:1      | Reached ** piety under Trog
  1023 | D:2      | Reached skill level 4 in Unarmed Combat
  1032 | D:2      | Reached XP level 4. HP: 27/29 MP: 4/4
  1262 | D:2      | Reached XP level 5. HP: 29/33 MP: 5/5
  1508 | D:2      | Noticed Sigmund
  1531 | D:2      | Killed Sigmund
  1531 | D:2      | Reached skill level 5 in Unarmed Combat
  1531 | D:2      | Reached XP level 6. HP: 16/39 MP: 6/6
  2226 | D:3      | Found a faded altar of an unknown god.
  2631 | D:4      | Reached skill level 5 in Fighting
  2668 | D:4      | Reached XP level 7. HP: 42/44 MP: 7/7
  2930 | D:3      | Reached skill level 6 in Unarmed Combat
  3695 | D:4      | Found a radiant altar of Vehumet.
  4288 | D:5      | Entered Level 5 of the Dungeon
  4295 | D:5      | Reached skill level 5 in Armour
  4352 | D:5      | Reached XP level 8. HP: 38/51 MP: 8/8
  4505 | D:5      | Noticed Grinder
  4510 | D:5      | Paralysed by Grinder for 2 turns
  4528 | D:5      | Paralysed by Grinder for 7 turns
  4536 | D:5      | Killed Grinder
  4536 | D:5      | Reached skill level 7 in Unarmed Combat
  5019 | D:5      | Reached *** piety under Trog
  5176 | D:6      | Found an iron altar of Okawaru.
  5229 | D:6      | Noticed Duvessa
  5229 | D:6      | Noticed Dowan
  5246 | D:6      | Killed Duvessa
  5253 | D:6      | Reached skill level 8 in Unarmed Combat
  5281 | D:6      | Killed Dowan
  5376 | D:6      | Found a sand-covered staircase.
  5383 | Ossuary  | Entered an ossuary
  5560 | Ossuary  | Reached XP level 9. HP: 37/56 MP: 9/9
  5795 | D:6      | Found a staircase to the Ecumenical Temple.
  5974 | D:6      | Found an opulent altar of Gozag.
  5975 | D:6      | Found a stormy altar of Qazlal.
  6304 | D:7      | Reached skill level 9 in Unarmed Combat
  6386 | D:7      | Found a white marble altar of Elyvilon.
  6450 | D:7      | Found a glowing golden altar of the Shining One.
  6919 | D:8      | Reached **** piety under Trog
  6939 | D:8      | Noticed a hornet
  6952 | D:8      | Killed a hornet
  7123 | D:8      | Reached skill level 10 in Unarmed Combat
  7165 | D:8      | Found a shadowy altar of Dithmenos.
  7195 | D:8      | Reached XP level 10. HP: 52/64 MP: 10/10
  7417 | D:8      | Found a burning altar of Makhleb.
  7485 | D:8      | Noticed a two-headed ogre
  7509 | D:8      | Killed a two-headed ogre
  8012 | D:9      | Reached skill level 11 in Unarmed Combat
  8053 | D:9      | Found a runed door.
  8057 | D:9      | Noticed a fire dragon
  8058 | D:9      | Noticed Erolcha
  8071 | D:9      | Noticed an ice dragon
  8075 | D:9      | Noticed a fire dragon
  8078 | D:9      | Killed Erolcha
  8084 | D:9      | Noticed an ice dragon
  8087 | D:9      | Found the +2 shield of Resistance {rF+ rC+ MR+}
  8090 | D:9      | Found a runed door.
  8122 | D:9      | Found a staircase to the Lair.
  8123 | D:9      | Noticed a two-headed ogre
  8170 | D:9      | Killed a two-headed ogre
  8170 | D:9      | Reached XP level 11. HP: 66/72 MP: 11/11
  8324 | D:9      | Reached skill level 12 in Unarmed Combat
  8624 | D:9      | Received a gift from Trog
  9072 | D:9      | Found a hazy altar of Hepliaklqana.
  9079 | D:9      | Reached skill level 10 in Fighting
  9250 | D:10     | Entered Level 10 of the Dungeon
  9896 | D:10     | Reached skill level 10 in Armour
 10084 | D:10     | Killed an unseen horror
 10158 | D:10     | Noticed a two-headed ogre
 10173 | D:10     | Killed a two-headed ogre
 10184 | D:10     | Reached skill level 13 in Unarmed Combat
 10255 | D:10     | Reached ***** piety under Trog
 10327 | D:10     | Noticed a two-headed ogre
 10362 | D:10     | Killed a two-headed ogre
 10462 | D:10     | Noticed Grum
 10473 | D:10     | Killed Grum
 10494 | D:10     | Reached XP level 12. HP: 77/79 MP: 12/12
 10956 | D:11     | Noticed Sonja
 10963 | D:11     | Killed Sonja
 11186 | D:11     | Noticed Nergalle
 11209 | D:11     | Killed Nergalle
 11488 | D:11     | Reached skill level 14 in Unarmed Combat
 11556 | D:11     | Found a runed gate.
 11566 | D:11     | Found a runed gate.
 11568 | D:11     | Found a runed gate.
 11690 | D:11     | Found a frozen archway.
 11710 | IceCv    | Entered an ice cave
 11722 | IceCv    | HP: 6/120 [alligator simulacrum (4)]
 11722 | IceCv    | Demolished by an alligator simulacrum

Skill      XL: |  1  2  3  4  5  6  7  8  9 10 11 12 |
---------------+-------------------------------------+-----
Unarmed Combat | 4 5 6 8 10 11 13 14 | 14.1
Armour         | 3 4 5 6 7 9 10 11 | 11.2
Fighting       | 4 5 6 8 9 10 11 | 11.5
Dodging        | |  1.5

Action                   |  1- 3 |  4- 6 |  7- 9 | 10-12 || total
-------------------------+-------+-------+-------+-------++-------
Melee: Unarmed           |    97 |   153 |   566 |   684 ||  1500
       Punch             |       |     2 |    17 |    31 ||    50
Invok: Berserk           |     2 |     1 |       |     4 ||     7
       Trog's Hand       |       |     1 |     4 |     5 ||    10
Evoke: Wand              |       |       |       |     1 ||     1
  Use: Scroll            |       |     8 |    12 |     2 ||    22
       Potion            |       |       |       |     3 ||     3
 Stab: Paralysed         |       |       |       |     3 ||     3
  Eat: Chunk             |     2 |     7 |    16 |    20 ||    45
Armor: Animal skin       |    39 |    32 |       |       ||    71
       Ring mail         |       |    12 |    64 |       ||    76
       Chain mail        |       |       |   191 |       ||   191
       Plate armour      |       |       |    71 |   601 ||   672
Dodge: Dodged            |    82 |    89 |   289 |   453 ||   913
